Kradschützen Motorcycle Team
Construct Light Support Kompanie
Selects Panzerjäger Kommand Battlegroup
Construct Mechanized Kompanie
Panzerjäger Mechanized Group
Construct Panzerarmee Kommand
Panzerjäger Mechanized Group
Walking Stuka Rocket Launcher
Selects Defensive Positions
Selects Crew Shock Tactics
Selects Butterfly Bomb Drop
Walking Stuka Rocket Launcher
Walking Stuka Rocket Launcher
Walking Stuka Rocket Launcher
Walking Stuka Rocket Launcher
Selects Elefant Tank Destroyer